 Dungeon Crawl Stone Soup version 0.31-a0-430-gf8416d752b (webtiles) character file.

Game seed: 8042496765978325996

2476 Ethylacetat the Mimic (level 9, -4/48 HPs)
             Began as a Vine Stalker Shapeshifter on July 31, 2023.
             Was an Initiate of Gozag.
             Slain by an orc warrior
             ... wielding a +0 flail
              (8 damage)
             ... on level 7 of the Dungeon.
             The game lasted 00:10:20 (5738 turns).

Ethylacetat the Mimic (Vine Stalker Shapeshifter)   Turns: 5738, Time: 00:10:20

Health: -4/48      AC:  2    Str: 18    XL:     9   Next: 51%
Magic:  0/10       EV: 12    Int:  8    God:    Gozag
Gold:   627        SH:  0    Dex: 19    Spells: 8/8 levels left

rFire   + . .        s - +1 dagger (speed)
rCold   . . .        (no shield)
rNeg    . . .        a - +0 animal skin
rPois   .            (helmet currently unavailable)
rElec   .            (cloak currently unavailable)
rCorr   .            (gloves currently unavailable)
SInv    .            (boots currently unavailable)
Will    +....        (no amulet)
Stlth   ++           g - ring of protection from fire
HPRegen 1.08/turn    (no ring)
MPRegen 0.12/turn

%: guardian spirit
@: beast-form, gold aura
A: beast (slay +5), fangs 3, regeneration 1, magic shield, antimagic bite, no
potion heal 2
a: Begin Untransformation, Renounce Religion, Potion Petition, Call Merchant,
Bribe Branch


You were on level 7 of the Dungeon.
You worshipped Gozag.
Gozag was pleased with you.
You were a hulking beast.
You visited 1 branch of the dungeon, and saw 7 of its levels.

You collected 672 gold pieces.
You paid 45 gold pieces to Gozag.

Inventory:

Hand Weapons
 s - a +1 dagger of speed (weapon)
 A - a +2 long sword of holy wrath
 E - a +2 whip of venom
Missiles
 k - 4 throwing nets
 F - a curare-tipped dart
Armour
 a - a +0 animal skin (worn)
Jewellery
 g - a ring of protection from fire (left hand)
 w - a +6 ring of strength
Talismans
 c - a beast talisman (active)
 f - a maw talisman
Wands
 y - a wand of flame (7)
Scrolls
 e - 9 scrolls of identify {unknown}
 j - 3 scrolls of amnesia {unknown}
 m - 2 scrolls of revelation {unknown}
 o - a scroll of enchant weapon {unknown}
 q - 2 scrolls of fear {unknown}
 r - 2 scrolls of blinking {unknown}
 x - 3 scrolls of vulnerability {unknown}
 B - a scroll of teleportation {unknown}
 D - a scroll of brand weapon {unknown}
Potions
 b - 2 potions of lignification
 d - 2 potions of haste {unknown}
 h - 5 potions of heal wounds {unknown}
 i - 6 potions of curing {unknown}
 l - 4 potions of attraction {unknown}
 n - a potion of invisibility {unknown}
 p - 2 potions of degeneration {unknown}
 t - a potion of resistance {unknown}
 u - 2 potions of brilliance {unknown}
 v - 2 potions of berserk rage {unknown}
 z - a potion of might {unknown}
 C - 2 potions of ambrosia {unknown}


   Skills:
 + Level 5.6 Fighting
 - Level 1.5 Dodging
 + Level 6.9 Unarmed Combat
 * Level 8.1 Shapeshifting


You had 8 spell levels left.
You didn't know any spells.
Your spell library contained the following spells:

 Spells                   Type           Power      Damage    Failure   Level
 Apportation              Tloc           0%         N/A       41%         1
 Necrotise                Necr           0%         1d4       41%         1
 Summon Small Mammal      Summ           0%         N/A       41%         1
 Ensorcelled Hibernation  Hex/Ice        0%         N/A       54%         2
 Passwall                 Tmut/Erth      0%         N/A       54%         2
 Swiftness                Air            0%         N/A       78%         3


Dungeon Overview and Level Annotations

Branches:
Dungeon (7/15)             Temple (0/1) D:4

Altars:
Ashenzari
Cheibriados
Elyvilon
Gozag
Okawaru
Qazlal
Sif Muna
Trog
Uskayaw
Vehumet
Wu Jian
Zin
The Shining One

Annotations:
D:4 2 transporters, gyole's ghost, novice OgMo
D:6 3 runed translucent doors, MrShunz's ghost, novice MiBe


Innate Abilities, Weirdness & Mutations

You are a hulking beast.
Your limbs bulge with bestial killing power. (Slay +5)
You have razor-sharp teeth.
Your natural rate of healing is unusually fast.
When hurt, damage is shared between your health and your magic reserves.
Your bite disrupts and absorbs the magic of your enemies.
Potions cannot restore your health.


Message History

The orc attacks as you move away! The orc closely misses you.
The bullfrog hits you but does no damage.
There is an open door here.
You closely miss the bullfrog. You bite the bullfrog! You drain its power.
You feel invigorated.
The bullfrog is heavily wounded.
The bullfrog hits you.
You hit the bullfrog.
The bullfrog is heavily wounded.
The bullfrog hits you.
You hit the bullfrog. Your bite misses the bullfrog.
The bullfrog is almost dead.
The bullfrog hits you!
You hit the bullfrog.
You kill the bullfrog!
You hit the orc.
You kill the orc!
The orc warrior hits you with a +0 flail.
You hear some strange, mumbled words.
A magic dart appears from out of thin air!
The magic dart hits you!
* * * LOW HITPOINT WARNING * * *
The orc hits you from afar with the +3 spear "Hico" {freeze, Drain rPois rF+ rCorr}.
* * * LOW HITPOINT WARNING * * *
The orc freezes you.
There is an open door, spattered with blood here.
Things that are here:
17 gold pieces; a +0 dagger The orc warrior attacks as you move away!
The orc warrior hits you with a +0 flail!
* * * LOW HITPOINT WARNING * * *
Okay, then.
You barely miss the orc warrior.
You bite the orc warrior, but do no damage.
You hit the orc warrior but do no damage.
You bite the orc warrior. You drain its power.
You feel invigorated.
The orc warrior is moderately wounded.
The orc warrior hits you with a +0 flail!
You die...
Your body crumbles into a pile of gold.

.......#<#...#.....###'###..#
.....#.#.#...#.....# #)# #..#
.#.............<...###.###..#
.#.#.#.#.#.........+.._###..#
.#.#.#.#.#.........###.###..#
...#.#.#.#.####....# #.# #..#
####.#.#.#.# #....###'###..#
.....#.#.#.######...........#
######.#.#.##.##h.......###.#
.......#.#.##.{o........'...#
##.......#....o#........#####
...#...#.#.....#........#
...#.....#.....##########
##.............#
.......#.##....#
########.##..).# #.##....#


You could see an orc warrior and an orc.

Vanquished Creatures
  Pikel (D:7)
  An orc warrior (D:7)
  3 ice beasts
  2 sky beasts (D:6)
  An ogre (D:6)
  A centaur (D:6)
  2 lemures (D:7)
  2 phantoms (D:5)
  A kobold brigand (D:7)
  2 bullfrogs (D:7)
  Blork the orc (D:5)
  3 scorpions
  5 killer bees (D:7)
  2 hounds
  3 orc priests
  4 orc wizards
  3 iguanas (D:6)
  A mummy (D:5)
  3 gnolls (D:2)
  8 adders
  3 worms
  4 dart slugs
  14 orcs
  5 endoplasms
  6 goblins
  4 hobgoblins
  3 jackals (D:3)
  7 quokkas
  7 ball pythons
  9 bats
  9 frilled lizards
  13 kobolds
  5 rats
138 creatures vanquished.

Notes
Turn   | Place    | Note
-------+----------+-------------------------------------------
     0 | D:1      | Ethylacetat the Vine Stalker Shapeshifter began the quest
                  | for the Orb.
     0 | D:1      | Reached XP level 1. HP: 9/9 MP: 2/2
    56 | D:1      | Reached skill level 1 in Fighting
    99 | D:1      | Reached XP level 2. HP: 12/14 MP: 3/3
   609 | D:1      | Reached XP level 3. HP: 15/18 MP: 4/4
  1086 | D:2      | Gained mutation: Your natural rate of healing is unusually
                  | fast. [Vine Stalker growth]
  1086 | D:2      | Reached XP level 4. HP: 17/23 MP: 2/5
  1260 | D:2      | Reached skill level 4 in Shapeshifting
  1516 | D:2      | Reached XP level 5. HP: 26/26 MP: 6/6
  2288 | D:3      | Reached XP level 6. HP: 12/32 MP: 2/7
  2551 | D:4      | Noticed gyole's ghost (novice OgMo)
  2552 | D:4      | Found a transporter.
  2557 | D:4      | Found a transporter.
  2590 | D:4      | Found an opulent altar of Gozag.
  2600 | D:4      | Noticed a fire elemental
  2605 | D:4      | Found a stormy altar of Qazlal.
  2629 | D:4      | Became a worshipper of Gozag Ym Sagoz the Greedy
  2677 | D:4      | Found a staircase to the Ecumenical Temple.
  2983 | D:4      | Noticed a water elemental
  2986 | D:4      | Noticed an air elemental
  3151 | D:5      | Entered Level 5 of the Dungeon
  3218 | D:5      | Noticed Blork the orc
  3232 | D:5      | Killed Blork the orc
  3273 | D:5      | Found a snail-covered altar of Cheibriados.
  3340 | D:5      | Reached skill level 5 in Shapeshifting
  3462 | D:5      | Reached XP level 7. HP: 25/36 MP: 6/8
  3834 | D:6      | Found a runed translucent gate.
  3834 | D:6      | Found a runed translucent gate.
  3834 | D:6      | Found a runed translucent gate.
  3835 | D:6      | Noticed MrShunz's ghost (novice MiBe)
  3898 | D:6      | Reached skill level 5 in Unarmed Combat
  4231 | D:6      | Reached skill level 6 in Shapeshifting
  4231 | D:6      | Gained mutation: You have razor-sharp teeth. [Vine Stalker
                  | growth]
  4231 | D:6      | Reached XP level 8. HP: 15/42 MP: 5/9
  4475 | D:6      | Found a hide-covered altar of Uskayaw.
  4480 | D:6      | Found a glowing golden altar of the Shining One.
  4480 | D:6      | Found a radiant altar of Vehumet.
  4491 | D:6      | Found a bloodstained altar of Trog.
  4494 | D:6      | Found a shimmering blue altar of Sif Muna.
  4653 | D:6      | Found a broken altar of Ashenzari.
  4653 | D:6      | Found a glowing silver altar of Zin.
  4998 | D:7      | Found a white marble altar of Elyvilon.
  4998 | D:7      | Noticed Pikel
  5019 | D:7      | Killed Pikel
  5020 | D:7      | Reached skill level 7 in Shapeshifting
  5062 | D:7      | Reached skill level 5 in Fighting
  5062 | D:7      | Reached XP level 9. HP: 36/47 MP: 8/10
  5403 | D:7      | Found an ornate altar of the Wu Jian Council.
  5512 | D:7      | Found an iron altar of Okawaru.
  5615 | D:7      | Reached skill level 8 in Shapeshifting
  5715 | D:7      | Identified the +3 spear "Hico" {freeze, Drain rPois rF+
                  | rCorr}
  5736 | D:7      | HP: 2/48 [orc warrior/+0 flail (8)]
  5738 | D:7      | Slain by an orc warrior

Illustrated notes

Levels and vault maps discovered:
D:1:      dpeg_arrival_leaves_temple_mockup, layout_basic
D:2:      layout_loops_ring, lexackson_kobold_supper
D:3:      layout_loops_corners, minmay_vboxes
D:4:      layout_loops_ring, overflow_temple_1_default,
          nicolae_qazlal_style_of_elements, minmay_temple_entry_tees,
          gammafunk_ghost_mausoleum
D:5:      layout_rooms, slow_altar_1, uniq_blork_the_orc
D:6:      layout_loops_corners, minmay_overflow_temple_star_hex,
          jmf_multi_god_temple, ebering_ghost_rock_garden
D:7:      layout_basic, okawaru_ov_weapons_minmay,
          nicolae_wu_jian_immortal_techniques, kiku_gazebo_pond_becter,
          lemuel_doored_altar, uniq_pikel

Skill      XL: |  1  2  3  4  5  6  7  8  9 |
---------------+----------------------------+-----
Fighting       | 1 2 3 5 |  5.6
Shapeshifting  | 4 5 6 7 8 |  8.1
Unarmed Combat | 4 5 6 |  6.9
Dodging        | |  1.5

Action                     |  1- 3 |  4- 6 |  7- 9 || total
---------------------------+-------+-------+-------++-------
  Melee: Dagger            |    68 |   161 |   176 ||   405
         Bite              |    18 |    38 |    79 ||   135
         Unarmed           |     3 |       |       ||     3
         Punch             |       |     7 |    11 ||    18
   Stab: Sleeping          |     5 |     8 |     1 ||    14
 Armour: Animal skin       |    12 |    19 |    15 ||    46
  Dodge: Dodged            |    31 |    63 |    58 ||   152

Table legend: (Time is in decaauts)
 A = Elapsed time spent in this place.
 B = Non-inter-level travel time spent in this place.
 C = Inter-level travel time spent in this place.
 D = Time resting spent in this place.
 E = Time spent auto-exploring this place.
 F = Levels seen in this place.
 G = Mean time per level.
                   A        B        C        D        E       F      G
               +--------+--------+--------+--------+--------+-----+--------+
         Total |   5650 |   5522 |    128 |    131 |   4466 |   7 |  807.1 |
       Dungeon |   5650 |   5522 |    128 |    131 |   4466 |   7 |  807.1 |
               +--------+--------+--------+--------+--------+-----+--------+

Top non-repeatable levels by time:
     D:6: 1157 daAuts
     D:3: 961 daAuts
     D:2: 829 daAuts
     D:1: 743 daAuts
     D:7: 726 daAuts
     D:5: 634 daAuts
     D:4: 597 daAuts
